 Dungeon Crawl Stone Soup version 0.28.0-53-g5a82cb258f (webtiles) character file.

Game seed: 12815929551013908139

32 Gabide the Skirmisher (level 3, 0/30 HPs)
             Began as a Mummy Berserker on June 19, 2022.
             Was a Follower of Trog.
             Slain by an iguana (1 damage)
             ... on level 2 of the Dungeon.
             The game lasted 00:00:42 (1404 turns).

Gabide the Skirmisher (Mummy Berserker)             Turns: 1404, Time: 00:00:42

Health: 0/30       AC:  2    Str: 22    XL:     3   Next: 8%
Magic:  3/3        EV: 12    Int:  6    God:    Trog [*.....]
Gold:   20         SH:  0    Dex: 11    Spells: 2/2 levels left

rFire   x . .      SeeInvis .     - Unarmed
rCold   + . .      Faith    .   (no shield)
rNeg    + + +      Spirit   .   a - +0 animal skin
rPois   ∞          Reflect  .   (no helmet)
rElec   .          Harm     .   (no cloak)
rCorr   .          Rampage  .   (no gloves)
Will    .....                   (no boots)
Stlth   +.........              (no amulet)
HPRegen 0.10/turn               (no ring)
MPRegen 0.08/turn               (no ring)

@: no status effects
A: cold resistance 1, negative energy resistance 3, torment resistance 2, heat
vulnerability 1, no potions
a: Renounce Religion


You were on level 2 of the Dungeon.
You worshipped Trog.
Trog was aware of your devotion.
You visited 1 branch of the dungeon, and saw 2 of its levels.

You collected 20 gold pieces.

Inventory:

Armour
 a - a +0 animal skin (worn)
Scrolls
 b - 3 scrolls of identify


   Skills:
 + Level 3.6 Fighting
 - Level 1.5 Armour
 - Level 1.5 Dodging
 + Level 3.0 Unarmed Combat


You had 2 spell levels left.
You didn't know any spells.
Your spell library was empty.

Dungeon Overview and Level Annotations

Branches:
Dungeon (2/15)

Altars:


Innate Abilities, Weirdness & Mutations

You are immune to poison.
Your flesh is cold resistant. (rC+)
You are immune to negative energy. (rN+++)
You are immune to unholy pain and torment.
You are vulnerable to heat. (rF-)
You do not drink.


Message History

The adder is almost dead.
The adder closely misses you.
You barely miss the adder.
The adder is almost dead.
The adder bites you.
* * * LOW HITPOINT WARNING * * *
The adder barely misses you.
You hit the adder but do no damage.
The adder is almost dead.
The adder completely misses you.
You closely miss the adder.
The adder is almost dead.
The adder closely misses you.
You hit the adder.
You kill the adder!
Trog accepts your kill.
Your Unarmed Combat skill increases to level 3!
You have reached level 3!
Your experience leads to an increase in your attributes!
Increase (S)trength, (I)ntelligence, or (D)exterity?
You feel stronger. x2
You hit the iguana but do no damage. The iguana barely misses you.
You barely miss the iguana. The iguana closely misses you.
You hit the iguana.
The iguana is lightly wounded.
The iguana closely misses you.
You barely miss the iguana.
The iguana is lightly wounded.
The iguana bites you but does no damage.
You hit the iguana.
The iguana is moderately wounded.
The iguana closely misses you.
You hit the iguana.
The iguana is heavily wounded.
The iguana bites you.
* * * LOW HITPOINT WARNING * * *
You punch the iguana!
The iguana is almost dead.
The iguana bites you.
You die...

#.# #.#
#.# #.#
###.#
#...#
#.###
#.# #@#
#l#
#.####.#
#.....##
#$...##
#....#
#....#
....#
....


You could see an iguana.

Vanquished Creatures
  An adder (D:2)
  A gnoll (D:1)
  2 endoplasms (D:2)
  3 hobgoblins
  A kobold (D:2)
  A quokka (D:1)
  A bat (D:1)
  A frilled lizard (D:2)
  2 rats (D:2)
13 creatures vanquished.

Notes
Turn   | Place    | Note
-------+----------+-------------------------------------------
     0 | D:1      | Gabide the Mummy Berserker began the quest for the Orb.
     0 | D:1      | Reached XP level 1. HP: 18/18 MP: 1/1
   351 | D:1      | Reached XP level 2. HP: 12/24 MP: 2/2
  1398 | D:2      | Reached XP level 3. HP: 4/30 MP: 3/3
  1403 | D:2      | HP: 1/30 [iguana (4)]
  1404 | D:2      | Slain by an iguana

Illustrated notes

Levels and vault maps discovered:
D:1:      lightli_arrival_windingriver, layout_loops_ring
D:2:      layout_loops_ring, hangedman_decor_diamond_cutter

Skill      XL: |  1  2 |
---------------+-------+-----
Unarmed Combat | 3 |  3.0
Fighting       | |  3.6
Armour         | |  1.5
Dodging        | |  1.5

Action                   || total
-------------------------++-------
Melee: Unarmed           ||    81
       Punch             ||     2
  Use: Scroll            ||     1
 Stab: Sleeping          ||     2
Armor: Animal skin       ||    11
Dodge: Dodged            ||    50
